 Dungeon Crawl Stone Soup version 0.29.0-4-gdea44cf6ec (webtiles) character file.

Game seed: 1129038324056389792

51 qw the Chopper (level 3, -3/31 HPs)
             Began as a Minotaur Fighter on Sept 8, 2022.
             Killed from afar by Natasha (9 damage)
             ... with a magic dart
             ... on level 2 of the Dungeon.
             The game lasted 00:00:36 (1039 turns).

qw the Chopper (Minotaur Fighter)                   Turns: 1039, Time: 00:00:36

Health: -3/31      AC:  6    Str: 21 (22) XL:     3   Next: 58%
Magic:  2/2        EV:  6    Int:  4 (5)  God:
Gold:   74         SH:  4    Dex:  6 (9)  Spells: 2/2 levels left

rFire   . . .      SeeInvis .   Y - +0 war axe (vorpal)
rCold   . . .      Faith    .   c - +0 buckler
rNeg    . . .      Spirit   .   b - +0 scale mail
rPois   .          Reflect  .   (helmet restricted)
rElec   .          Harm     .   (no cloak)
rCorr   .          Rampage  .   (no gloves)
Will    .....                   (no boots)
Stlth   ..........              n - amulet of the acrobat
HPRegen 0.10/turn               (no ring)
MPRegen 0.08/turn               (no ring)

@: grasped by roots, slowed, constricted, very slow
A: horns 2, retaliatory headbutt
a: no special abilities


You were on level 2 of the Dungeon.
You visited 1 branch of the dungeon, and saw 2 of its levels.

You collected 74 gold pieces.


Innate Abilities, Weirdness & Mutations

You have a pair of horns on your head.
You reflexively headbutt those who attack you in melee.


   Skills:
 - Level 3.6 Fighting
 + Level 4.9 Axes
 - Level 3.6 Armour
 - Level 3.6 Shields


You had 2 spell levels left.
You didn't know any spells.
Your spell library was empty.

Inventory:

Hand Weapons
 l - a +0 club
 Y - a +0 vorpal war axe (weapon)
Armour
 b - a +0 scale mail (worn)
 c - a +0 buckler (worn)
 j - a +0 tower shield
Jewellery
 i - a ring of poison resistance
 n - an amulet of the acrobat (around neck)
Scrolls
 a - a scroll of teleportation {unknown}
Potions
 d - a potion of might
 e - a potion of resistance {unknown}
 f - 2 potions of curing
 g - 3 potions of haste {unknown}
 h - 2 potions of attraction {unknown}

Dungeon Overview and Level Annotations

Branches:
Dungeon (2/15)

Altars:

Annotations:
D:2 Natasha


Message History

The crimson imp hits you but does no damage.
Natasha claws you!
You closely miss the crimson imp.
The crimson imp is lightly wounded.
You closely miss Natasha. You barely miss the crimson imp.
The crimson imp hits you. Natasha casts a spell at you.
The magic dart hits you. The crimson imp barely misses you.
The crimson imp blinks!
You closely miss the crimson imp. You miss Natasha. Natasha claws you.
The crimson imp hits you but does no damage.
The crimson imp blinks!
You slash the crimson imp!
The crimson imp is severely wounded.
You hit Natasha. Natasha barely misses you.
The crimson imp hits you but does no damage.
Natasha mumbles some strange words.
You slash the crimson imp!
You kill the crimson imp!
The crimson imp disappears in a puff of smoke!
You hit Natasha. Natasha casts a spell at you.
You feel yourself slow down.
You miss Natasha.
Natasha is moderately wounded.
You closely miss the shadow imp. Natasha claws you. The shadow imp hits you.
Natasha zaps a wand.
The roots erupt in riotous growth!
The grasping roots grab you!
The shadow imp is unaffected.
Natasha is unaffected.
The grasping roots constrict you.
The shadow imp hits you but does no damage.
You hit Natasha but do no damage.
Natasha is moderately wounded.
You closely miss the shadow imp.
Natasha stares at you and mumbles some strange words.
The magic dart hits you!
You die...

#......# #......#
######......#
#...........#
#!..........#
#...........#
#.....5h5...####
######
#.....@######...
......
#...?.........#
#######
###.........##
#..(... #.....>...#
#...... #.........#
#...... #.........#
#......
#.........#####......
######.......##......
#.......#####'##


You could see Natasha, a crimson imp (summoned) and a shadow imp (summoned).

Vanquished Creatures
  An adder (D:2)
  2 worms (D:2)
  5 endoplasms (D:1)
  A giant cockroach (D:1)
  3 goblins
  A hobgoblin (D:2)
  7 jackals (D:1)
  2 quokkas
  2 ball pythons (D:1)
  3 bats (D:1)
  2 frilled lizards (D:1)
  A kobold (D:1)
  4 rats
34 creatures vanquished.

Notes
Turn   | Place    | Note
-------+----------+-------------------------------------------
     0 | D:1      | qw the Minotaur Fighter began the quest for the Orb.
     0 | D:1      | Reached XP level 1. HP: 19/19 MP: 0/0
     0 | D:1      | 0 ||| qw: Version: 0.1-a-112-g44dc6cd
     0 | D:1      | 0 ||| qw: Game counter: 6755
     0 | D:1      | 0 ||| qw: Always use a shield: true
     0 | D:1      | 0 ||| qw: God list: Ru
     0 | D:1      | 0 ||| qw: Allow faded altars: false
     0 | D:1      | 0 ||| qw: Do Orc after D:15 true
     0 | D:1      | 0 ||| qw: Do second Lair branch before Depths: true
     0 | D:1      | 0 ||| qw: Lair rune preference: random
     0 | D:1      | 0 ||| qw: Plans: Normal
     0 | D:1      | 0 ||| PLANNING D:1-11
   166 | D:1      | Reached skill level 3 in Axes
   169 | D:1      | 169 ||| Stepping ~*~*~tactically~*~*~ (stealth).
   180 | D:1      | Reached XP level 2. HP: 18/26 MP: 1/1
   330 | D:1      | Found a faded altar of an unknown god.
   344 | D:1      | Reached skill level 4 in Axes
   347 | D:1      | 347 ||| Stepping ~*~*~tactically~*~*~ (stealth).
   438 | D:1      | 438 ||| Stepping ~*~*~tactically~*~*~ (stealth).
   493 | D:1      | Reached XP level 3. HP: 31/31 MP: 2/2
   655 | D:1      | 655 ||| UPGRADING to amulet of the acrobat.
   660 | D:1      | 660 ||| READING scroll labelled XAPAUFYTUA.
   661 | D:1      | 661 ||| READING scroll labelled CENEMICKYS.
   662 | D:1      | 662 ||| READING scroll labelled ONWEAF USIJILL.
   663 | D:1      | 663 ||| DRINKING 3 coppery potions.
   664 | D:1      | 664 ||| DRINKING 2 fuming amethyst potions.
   665 | D:1      | 665 ||| DROPPING scroll of immolation.
   666 | D:1      | 666 ||| DROPPING potion of degeneration.
   899 | D:2      | 899 ||| Stepping ~*~*~tactically~*~*~ (stealth).
  1030 | D:2      | Noticed Natasha
  1038 | D:2      | HP: 6/31 [constriction (2)]
  1039 | D:2      | Killed from afar by Natasha

Levels and vault maps discovered:
D:1:      psy_arrival_conway, layout_rooms, hellmonk_ecumenical_altar_blasted
D:2:      layout_basic, uniq_jessica, uniq_natasha

Skill      XL: |  1  2 |
---------------+-------+-----
Axes           | 3 4 |  4.9
Fighting       | |  3.6
Armour         | |  3.6
Shields        | |  3.6

Action                   || total
-------------------------++-------
Melee: War axe           ||    80
       Headbutt          ||     4
  Use: Scroll            ||     3
       Potion            ||     2
Armor: Scale mail        ||    30
Dodge: Dodged            ||    36
Block: Buckler           ||    19

Table legend:
 A = Non-vault XP
 B = Vault XP
 C = Vault XP percentage of total XP
 D = Non-vault monster count
 E = Vault monster count
 F = Vault count percentage of total count
                 A         B        C        D         E       F
            +---------+---------+-------+---------+---------+-------
      Total |      74 |       0 |   0.0 |      34 |       0 |   0.0
            +---------+---------+-------+---------+---------+-------
        D:1 |      43 |       0 |   0.0 |      26 |       0 |   0.0
        D:2 |      31 |       0 |   0.0 |       8 |       0 |   0.0
            +---------+---------+-------+---------+---------+-------
